Map: Chain of Ascension

Players

raincamp

  • Race: Zerg Zerg
  • Spawn Location: 11:00

raincamp

  • Race: Terran Terran
  • Spawn Location: 11:00

VOD

Have the link to the VOD?

Description

Time

  • Played on: Nov. 19, 2017, 8:44 a.m.
  • Length: 15:14
Show
View Real Time Build Order
Export as new Build Order

raincamp Zerg 

Build Orders:  

Get SALT Encoding   

  12  0:08  Drone  
  13  0:12  Drone  
  14  0:32  Overlord  
  14  1:06  Drone x3  
  17  1:10  Extractor  
  17  1:12  Drone, Extractor  
  17  1:14  Drone, Roach Warren  
  16  1:39  Roach  
  18  1:44  Overlord  
  18  1:52  Drone  
  18  1:54  Drone  
  20  2:02  Drone  
  21  2:19  Roach  
  21  2:34  Drone x2  
  21  2:36  Lair  
  23  2:41  Brutalisk  
  23  2:49  Drone x2  
  25  3:11  Roach  
  27  4:05  Roach  
  29  4:15  Roach  
  29  4:36  Hatchery  
  29  4:37  Brutalisk  
  28  4:48  Drone x2  
  28  4:49  Overlord x2  
  30  4:57  Spire  
  30  4:58  Evolution Chamber, Drone x2  
  30  5:00  Infestation Pit  
  29  5:18  Drone  
  30  5:30  Roach  
  30  5:51  Extractor  
  30  5:52  Brutalisk  
  30  5:55  Extractor  
  30  5:59  Mutalisk x2  
  32  6:00  Mutalisk  
  34  6:15  Drone  
  34  6:16  Drone x2  
  34  6:17  Drone  
  34  6:18  Mutalisk, Drone x2  
  34  6:19  Drone  
  41  6:20  Drone x2  
  43  6:35  Queen  
  43  6:46  Leviathan  
  43  6:47  Viper  
  50  7:01  Drone x2  
  50  7:06  Mutalisk, Hive  
  50  7:08  Mutalisk  
  50  7:22  Drone x2  
  52  7:34  Leviathan  
  52  7:36  Leviathan  
  52  8:05  Bio-Mechanical Transfusion  
  52  8:20  Overlord  
  52  8:21  Overlord x3  
  52  8:25  Queen x2  
  52  8:30  Sundering Glave  
  52  8:41  Zerg Missile Weapons Level 1  
  56  9:03  Drone x3  
  56  9:04  Drone x5  
  56  9:05  Drone  
  65  9:55  Queen x2  
  65  10:16  Mutalisk x2  
  65  10:17  Mutalisk x5  
  65  10:18  Overlord x2  
  81  10:25  Queen x2  
  81  10:38  Zerg Missile Weapons Level 2  
  81  10:40  Vicious Glave  
  81  10:44  Overlord  
  79  11:21  Mutalisk x2  
  79  11:22  Mutalisk x3  
  89  11:40  Mutalisk  
  89  11:45  Overlord  
  89  11:46  Overlord x3  
  89  11:49  Zerg Flyer Weapons Level 1  
  91  12:38  Mutalisk  
  91  12:39  Roach, Mutalisk x3  
  101  12:40  Roach x3  
  101  12:41  Roach x4  
  107  13:41  Mutalisk  
  107  13:42  Mutalisk x2  
Show
View Real Time Build Order
Export as new Build Order

raincamp Terran 

Build Orders:  

Get SALT Encoding   

  12  0:06  SCV  
Tags
 
Add a new tag
Caveats
  • Supply blocks, unpowered buildings, or Contaminate may cause inaccurate times.
  • Supply counts are checked every 10 seconds.